 Dungeon Crawl Stone Soup version 0.29-a0-284-gf9362112df (webtiles) character file.

Game seed: 17746468479600742348

18 being54 the Skirmisher (level 2, 0/19 HPs)
             Began as a Gargoyle Fighter on Mar 21, 2022.
             Slain by a jackal (3 damage)
             ... on level 1 of the Dungeon.
             The game lasted 00:01:07 (552 turns).

being54 the Skirmisher (Gargoyle Fighter)            Turns: 552, Time: 00:01:08

Health: 0/19       AC:  9    Str: 19    XL:     2   Next: 70%
Magic:  2/2        EV: 13    Int:  8    God:
Gold:   0          SH:  4    Dex:  9    Spells: 1/1 levels left

rFire   . . .      SeeInvis .   a - +0 flail
rCold   . . .      Faith    .   c - +0 buckler
rNeg    + . .      Spirit   .   b - +0 scale mail
rPois   ∞          Reflect  .   (no helmet)
rElec   +          Harm     .   (no cloak)
rCorr   .          Rampage  .   (no gloves)
Will    .....                   (no boots)
Stlth   ..........              (no amulet)
HPRegen 0.06/turn               f - +4 ring of evasion
MPRegen 0.08/turn               (no ring)

@: mighty
A: sickness immunity, AC +2, negative energy resistance 1, electricity
resistance, torment resistance 1, petrification resistance
a: no special abilities


You were on level 1 of the Dungeon.
You visited 1 branch of the dungeon, and saw 1 of its levels.

Inventory:

Hand Weapons
 a - a +0 flail (weapon)
Armour
 b - a +0 scale mail (worn)
 c - a +0 buckler (worn)
Jewellery
 f - a +4 ring of evasion (left hand)
Scrolls
 g - a scroll of magic mapping {unknown}
Potions
 e - a potion of degeneration {unknown}
 h - a potion of cancellation {unknown}


   Skills:
 + Level 3.6 Fighting
 * Level 2.8 Maces & Flails
 - Level 3.3 Armour
 - Level 3.3 Shields


You had one spell level left.
You didn't know any spells.
Your spell library was empty.

Dungeon Overview and Level Annotations

Branches:
Dungeon (1/15)

Altars:


Innate Abilities, Weirdness & Mutations

You are immune to sickness and miasma.
Your stone body is resilient. (AC +2)
You are immune to poison.
You resist negative energy. (rN+)
You are resistant to electric shocks. (rElec)
You are resistant to unholy torment.
You are immune to petrification.


Message History

The jackal closely misses you. The jackal barely misses you. x2
The giant cockroach bites you but does no damage.
The jackal bites you but does no damage.
The jackal misses you.
You hit the jackal.
The jackal is heavily wounded.
The bat hits you but does no damage. The jackal misses you.
The jackal bites you but does no damage. x2
You block the giant cockroach's attack. The jackal closely misses you.
The jackal bites you but does no damage.
The jackal barely misses you. The jackal misses you.
A goblin comes into view. It is wielding a +0 dagger.
The giant cockroach closely misses you.
You barely miss the jackal.
The jackal is heavily wounded.
The bat hits you but does no damage.
The jackal bites you but does no damage.
The bat completely misses you. The jackal bites you.
You block the jackal's attack. The jackal barely misses you.
The jackal closely misses you. You block the bat's attack.
The giant cockroach barely misses you. The jackal barely misses you.
The jackal closely misses you. The jackal barely misses you.
You closely miss the jackal.
The jackal is heavily wounded.
The bat hits you but does no damage.
The jackal bites you but does no damage.
The giant cockroach misses you.
The jackal bites you but does no damage.
The jackal bites you.
* * * LOW HITPOINT WARNING * * *
The jackal bites you but does no damage.
The jackal bites you.
* * * LOW HITPOINT WARNING * * *
The bat hits you but does no damage. The jackal barely misses you.
The giant cockroach bites you but does no damage.
You feel very mighty all of a sudden. The bat barely misses you.
The jackal barely misses you. The jackal misses you.
The jackal bites you but does no damage. x3
The giant cockroach barely misses you. The jackal bites you.
You die...

..............
#.............
##>)........[...........
#......g................
#.......................
#......l...............)
#.....hhB..^...........#
......h@h.......#..#..##
......b.................
..........).............
..........#)#..##.......
.......#.##.##..........
......!.....####........
...................#.##.
......>.....####)###.##.
............# #.###.# #


You could see 4 jackals, a giant cockroach, a goblin, a bat and a frilled
lizard.

Vanquished Creatures
  An endoplasm (D:1)
  A giant cockroach (D:1)
  2 goblins (D:1)
  3 hobgoblins (D:1)
  2 kobolds (D:1)
  A quokka (D:1)
  5 ball pythons (D:1)
  A bat (D:1)
16 creatures vanquished.

Notes
Turn   | Place    | Note
-------+----------+-------------------------------------------
     0 | D:1      | being54 the Gargoyle Fighter began the quest for the Orb.
     0 | D:1      | Reached XP level 1. HP: 14/14 MP: 1/1
   323 | D:1      | Reached XP level 2. HP: 8/19 MP: 2/2
   552 | D:1      | Slain by a jackal

Illustrated notes

Levels and vault maps discovered:
D:1:      dpeg_chamrin_arrival_tetris, layout_rooms

Action                   || total
-------------------------++-------
Melee: Flail             ||    61
  Use: Potion            ||     1
Armor: Scale mail        ||    46
Dodge: Dodged            ||    65
Block: Buckler           ||    19

Table legend: (Time is in decaauts)
 A = Elapsed time spent in this place.
 B = Non-inter-level travel time spent in this place.
 C = Inter-level travel time spent in this place.
 D = Time resting spent in this place.
 E = Time spent auto-exploring this place.
 F = Levels seen in this place.
 G = Mean time per level.
                   A        B        C        D        E       F      G
               +--------+--------+--------+--------+--------+-----+--------+
         Total |    570 |    570 |      0 |     59 |    393 |   1 |  570.0 |
       Dungeon |    570 |    570 |      0 |     59 |    393 |   1 |  570.0 |
               +--------+--------+--------+--------+--------+-----+--------+

Top non-repeatable levels by time:
     D:1: 570 daAuts
